[Event "*** SCC Grand Prix: Titled Tuesday Blitz"]
[Site "Chess.com"]
[Date "2020.09.08"]
[Round "7"]
[White "Justinz"]
[Black "SeedToTree"]
[Result "1-0"]
[WhiteElo "2414"]
[BlackElo "2539"]
[TimeControl "180+1"]
[EndTime "11:19:21 PDT"]
[Termination "Justinz won on time"]

1. e4 a6 2. d4 e6 3. Nf3 d5 4. Nc3 Nf6 5. Bg5 Be7 6. Bd3 b5 7. exd5 b4 8. Ne2 Nxd5 9. Bxe7 Qxe7 10. O-O Bb7 11. Ng3 Nd7 12. a3 a5 13. Re1 O-O 14.
Ne4 Nf4 15. Bf1 c5 16. Qd2 Ng6 17. axb4 cxb4 18. c4 bxc3 19. bxc3 Rfd8 20. Rab1 Bc6 21. Bb5 Rdc8 22. Bxc6 Rxc6 23. Rb7 Rb6 24. Rb1 Rxb1+ 25. Rxb1 Nf6 26. Nc5 Qd6 27. h3 h6 28. Rb7 a4 29.
Qb2 a3 30. Qa2 Nd5 31. Rb3 Ngf4 32. Rxa3 Rxa3 33. Qxa3 Kh7 34. Qb2 Qc6 35. Qc2+ g6 36.
Ne5 Qc7 37. c4 Nb4 38. Qd2 f6 39. Nf3 Nc6 40. g3 Nxh3+ 41. Kg2 Ng5 42. Nxg5+ hxg5 43. Nxe6 Qd6 44. d5 Ne5 45. c5 Qd7 46. Qd4 Qb7 47.
Nxg5+ Kh6 48. Ne4 Qb3 49. Qe3+ Qxe3 50. fxe3 f5 51. c6 1-0

[Event "*** SCC Grand Prix: Titled Tuesday Blitz"]
[Site "Chess.com"]
[Date "2020.09.08"]
[Round "7"]
[White "keepitcool9499"]
[Black "willc-h99"]
[Result "1/2-1/2"]
[WhiteElo "2648"]
[BlackElo "2441"]
[TimeControl "180+1"]
[EndTime "11:19:22 PDT"]
[Termination "Game drawn by repetition"]

1. d4 Nf6 2. c4 e6 3. Nc3 Bb4 4. Bd2 O-O 5. Nf3 d5 6. e3 Nbd7 7. Bd3 b6 8. O-O Bb7 9. Qc2 dxc4 10. Bxc4 Be7 11. Be2 c5 12. Rac1 Rc8 13. Qa4 Qc7 14. Bb5 Bxf3 15. gxf3 cxd4 16. Qxd4 Qb7 17. Ne4 Nxe4 18.
Qxe4 Qxe4 19. fxe4 Nc5 20. f3 a6 21. Be2 Rfd8 22. Rfd1 b5 23. Ba5 Rxd1+ 24. Rxd1 g6 25. Bc3 Na4 26. Bd4 Rc2 27. Bd3 Rc8 28. b3 Nc5 29.
Rc1 Rd8 30. Be2 Nd7 31. Rc7 e5 32. Bc3 Bd6 33. Ra7 Bc5 34. Rxa6 Bxe3+ 35. Kg2 Nc5 36. Rc6 Ne6 37. Bxe5 h5 38. Bxb5 Rd2+ 39. Kf1 g5 40. Bc4 Rxa2 41. Bxe6 fxe6 42. Rxe6 Rf2+ 43. Ke1 Rxf3 44.
Ke2 Rh3 45. Bg3 h4 46. Be5 Bf4 47. Bxf4 gxf4 48. b4 Rxh2+ 49. Kf3 Rb2 50. Rb6 h3 51. Kxf4 h2 52. Rh6 Rxb4 53. Rxh2 Rb6 54. Rh5 Kf8 55.
Rf5+ Ke8 56. Re5+ Kf7 57. Rc5 Ke7 58. Ra5 Kf7 59. Kf5 Ke7 60. Ra7+ Ke8 61. e5 Rc6 62. e6 Rc1 63. Ra8+ Ke7 64. Ra7+ Ke8 65. Ra5 Rf1+ 66.
Ke5 Re1+ 67. Kd6 Rd1+ 68. Rd5 Rxd5+ 69. Kxd5 Ke7 70. Ke5 Ke8 71. Kd6 Kd8 72. Kd5 Ke7 73. Ke5 Ke8 74. Ke4 Ke7 75. Kf5 Ke8 76. Kf6 Kf8 77. Ke5 Ke7 78. Kd5 Ke8 79. Kc5 Ke7 80. Kd5 Ke8 81. Kd6 Kd8 82. Ke5 Ke7 83. Kf5 Ke8 84. Kf6 Kf8 85. Kg6 Ke7 86. Kf5 1/2-1/2

[Event "*** SCC Grand Prix: Titled Tuesday Blitz"]
[Site "Chess.com"]
[Date "2020.09.08"]
[Round "7"]
[White "Alexander_Moskalenko"]
[Black "LiemLe"]
[Result "1-0"]
[WhiteElo "2812"]
[BlackElo "2965"]
[TimeControl "180+1"]
[EndTime "11:19:23 PDT"]
[Termination "Alexander_Moskalenko won by resignation"]

1. d4 Nf6 2. c4 e6 3. g3 d5 4. Bg2 dxc4 5. Nf3 a6 6. Ne5 Bb4+ 7. Nc3 Nd5 8. O-O b5 9. Qc2 O-O 10. a4 f6 11. Nf3 c6 12. e4 Nb6 13. Be3 Bb7 14. Ne2 N8d7 15. Nf4 Re8 16. e5 c5 17.
exf6 Qxf6 18. Ng5 Qxg5 19. Bxb7 cxd4 20. Nxe6 d3 21. Nxg5 dxc2 22. Bxa8 Rxa8 23. axb5 axb5 24. Rxa8+ Nxa8 25. Rc1 Nc7 26. Rxc2 Nd5 27. Bd4 h6 28.
Ne6 g5 29. f4 Kf7 30. f5 g4 31.
Kf2 Ne7 32. Nd8+ Ke8 33. f6 Nf5 34. Nc6 Nxd4 35. Nxd4 Bc5 36. Ke3 Nxf6 37. Rf2 Nd7 38. Ke4 b4 39. Kd5 c3 40. bxc3 bxc3 41. Re2+ Kf7 42. Nb5 Bb4 43. Nd6+ Bxd6 44. Kxd6 Nf6 45. Ke5 Kg6 46. Rc2 Nh7 47. Rxc3 Ng5 48. Kf4 Nf3 49.
Kxg4 Nxh2+ 50. Kf4 h5 51. Rc6+ Kg7 52. Kg5 Nf1 53.
Rc7+ Kf8 54. Rc3 Nd2 55. Kxh5 Kf7 56. Re3 Kf6 57. Kg4 Nc4 58. Re4 Nd6 59. Re1 Nf7 60.
Rf1+ Kg6 61. Rxf7 Kxf7 62. Kf5 Kg7 63. Kg5 Kh7 64. Kf6 Kh6 65. g4 Kh7 66. g5 Kh8 67. g6 Kg8 68. g7 1-0

[Event "*** SCC Grand Prix: Titled Tuesday Blitz"]
[Site "Chess.com"]
[Date "2020.09.08"]
[Round "7"]
[White "JoliyRoger"]
[Black "Paladin61"]
[Result "0-1"]
[WhiteElo "2416"]
[BlackElo "2646"]
[TimeControl "180+1"]
[EndTime "11:19:23 PDT"]
[Termination "Paladin61 won by checkmate"]

1. Nf3 Nf6 2. c4 g6 3. Nc3 Bg7 4. e4 d6 5. d4 O-O 6. h3 e5 7. d5 Nh5 8. Nh2 Na6 9. g3 Qe8 10. Be2 Nf6 11. Ng4 Bd7 12. Nxf6+ Bxf6 13. h4 Bg7 14. h5 f5 15. hxg6 hxg6 16. Bg5 Nc5 17. Qc2 a6 18. Be3 b5 19. Bxc5 dxc5 20. Bd3 b4 21. Nb1 a5 22. Qe2 a4 23. Nd2 c6 24. O-O-O Rc8 25. Kb1 Qe7 26. Nf3 Qf6 27. Nh4 Rf7 28. Rdg1 Kf8 29. Rg2 a3 30. b3 Rd8 31.
Rgh2 Rc8 32. Qc2 Ke7 33. Nf3 Kd6 34. Nd2 Kc7 35. Qd1 Kb6 36. Qe2 Rcf8 37. Qe3 Qd6 38.
Qe2 Ka5 39. Nf1 Bf6 40. Ne3 Bg5 41. Nc2 Bd8 42. Ne3 Bg5 43. Nc2 Be7 44. Rh6 Qf6 45. exf5 Bxf5 46. R1h2 e4 47. Bxe4 Qb2# 0-1

[Event "*** SCC Grand Prix: Titled Tuesday Blitz"]
[Site "Chess.com"]
[Date "2020.09.08"]
[Round "7"]
[White "KatarinaOstojic"]
[Black "Yoshikrov"]
[Result "1-0"]
[WhiteElo "2335"]
[BlackElo "2105"]
[TimeControl "180+1"]
[EndTime "11:19:24 PDT"]
[Termination "KatarinaOstojic won on time"]

1. d4 Nf6 2. Nf3 d5 3. c4 g6 4.
Nc3 Bg7 5. e3 O-O 6. Be2 c5 7.
O-O Nc6 8. dxc5 dxc4 9. Bxc4 Bg4 10. Be2 Qa5 11. Qa4 Qxa4 12. Nxa4 Ne4 13. h3 Bd7 14. Bd3 Nf6 15. Bb5 Rac8 16. Bd2 Ne4 17. Rac1 a6 18. Bxc6 Bxc6 19. Nc3 Nxd2 20. Nxd2 Rfd8 21. Nc4 Bxc3 22. Rxc3 Bb5 23. Nb6 Bxf1 24. Nxc8 Rd1 25. Kh2 Kf8 26. Kg3 Rd2 27. Rb3 Bb5 28. Na7 Bc6 29. Nxc6 bxc6 30. Rb8+ Kg7 31. Rb6 a5 32. a4 h6 33. Rxc6 Rxb2 34. Ra6 Rc2 35. Rxa5 f5 36. Rb5 Kf6 37. Rb6+ e6 38. c6 g5 39. a5 Ke7 40. a6 Kd6 41. c7+ Kxc7 42. Rxe6 h5 43. Re5 h4+ 44. Kf3 g4+ 45. hxg4 fxg4+ 46. Kxg4 Rxf2 47. Kh3 Ra2 48. Re6 Kd7 49. Rg6 Ke7 50.
Kxh4 Kf7 51. Rb6 Rxg2 52. a7 Ra2 53. Rb7+ Ke6 54. Kg4 Ke5 55. Kf3 Ra1 56. Re7+ Kf6 57. Rc7 Ke5 58. Ke2 Ke4 59. Re7+ Kd5 60. Kd3 Ra3+ 61.
Kc2 Kd6 62. Kb2 Ra5 63. Rb7 Kc6 64. Rh7 1-0

[Event "*** SCC Grand Prix: Titled Tuesday Blitz"]
[Site "Chess.com"]
[Date "2020.09.08"]
[Round "7"]
[White "IveBeenThroughPain"]
[Black "CrazyMartian"]
[Result "1-0"]
[WhiteElo "2480"]
[BlackElo "2312"]
[TimeControl "180+1"]
[EndTime "11:19:25 PDT"]
[Termination "IveBeenThroughPain won by checkmate"]

1. e4 c5 2. d4 cxd4 3. c3 d5 4. exd5 Nf6 5. Bb5+ Nbd7 6. Qxd4 a6 7. Be2 g6 8. d6 e6 9. Nf3 Qb6 10. O-O Qxd4 11.
Nxd4 Bxd6 12. Rd1 Be7 13. Bh6 Bf8 14. Bxf8 Kxf8 15. Na3 Ke7 16. Nc4 Rd8 17. Bf3 Rb8 18.
Na5 Ne5 19. Be2 Bd7 20. f4 Nc6 21. Naxc6+ bxc6 22. Bxa6 Rxb2 23. Bf1 c5 24. Nb3 Ne4 25.
Bd3 Nxc3 26. Rdc1 Nxa2 27. Rxc5 Rxb3 28. Bc4 Rc3 29. Rxa2 Rb8 30. Rc7 Rb1+ 31. Kf2 Rb4 32. Raa7 Rb2+ 33. Kg1 Rc1+ 34. Bf1 Rd2 35. Rxc1 f5 36.
Rcc7 Rd6 37. Bb5 Kf6 38. Rxd7 Rxd7 39. Rxd7 g5 40. fxg5+ Kxg5 41. Rxh7 e5 42. Re7 e4 43.
Kf2 Kf4 44. g3+ Kg5 45. Ke3 Kg4 46. Rg7+ Kh3 47. Kf4 Kxh2 48. Kxf5 e3 49. Re7 Kxg3 50. Rxe3+ Kf2 51. Kf4 Kg1 52. Re2 Kf1 53. Kf3 Kg1 54.
Re1+ Kh2 55. Ra1 Kh3 56. Rh1# 1-0

[Event "*** SCC Grand Prix: Titled Tuesday Blitz"]
[Site "Chess.com"]
[Date "2020.09.08"]
[Round "7"]
[White "pavelalexandru07"]
[Black "Pikachess999"]
[Result "0-1"]
[WhiteElo "2262"]
[BlackElo "2390"]
[TimeControl "180+1"]
[EndTime "11:19:25 PDT"]
[Termination "Pikachess999 won on time"]

1. e4 e6 2. d4 d5 3. Nc3 Nf6 4.
Bg5 Be7 5. e5 Nfd7 6. h4 h6 7.
Bc1 c5 8. Qg4 g6 9. Nf3 Nc6 10.
Be3 cxd4 11. Bxd4 Nxd4 12. Qxd4 Bc5 13. Qd2 a6 14. O-O-O b5 15. Nxd5 exd5 16. Qxd5 Rb8 17. e6 fxe6 18. Qxe6+ Qe7 19. Qxg6+ Kf8 20. Bd3 Rb6 21.
Qf5+ Qf6 22. Qd5 Rd6 23. Qa8 Kg7 24. Rh3 Nb6 25. Rg3+ Kf7 26. Qe4 Re6 27. Qg4 Bxf2 28. Qh5+ Ke7 29. Rg6 Qf4+ 30. Kb1 Rf8 31. Rg7+ Kd8 32.
Rh7 Rd6 33. Rg7 Be6 34. Rg6 Bd7 35. Rxd6 Qxd6 36. Be2 Qe7 37. Qxh6 Bc5 38. Bd3 Kc7 39.
Qd2 Bc6 40. Qg5 Nd5 41. Qxe7+ Nxe7 42. Ng5 Bxg2 43. h5 Rh8 44. Nf7 Rxh5 45. Be2 Rf5 46. Nh6 Rf6 47. Ng4 Re6 48. Bd3 Bd5 0-1

[Event "*** SCC Grand Prix: Titled Tuesday Blitz"]
[Site "Chess.com"]
[Date "2020.09.08"]
[Round "7"]
[White "chenxiaoyuer"]
[Black "Smile2005"]
[Result "1-0"]
[WhiteElo "2471"]
[BlackElo "2309"]
[TimeControl "180+1"]
[EndTime "11:19:26 PDT"]
[Termination "chenxiaoyuer won by resignation"]

1. e4 d5 2. exd5 Nf6 3. Bb5+ Bd7 4. Be2 Nxd5 5. d4 Bf5 6. Nf3 e6 7. O-O Be7 8. a3 O-O 9. c4 Nb6 10. Nc3 Nc6 11. Be3 Bf6 12. b3 Qd7 13. c5 Nd5 14. Nxd5 Qxd5 15. Bc4 Qd7 16. Qe2 Ne7 17. Ne5 Bxe5 18.
dxe5 Nd5 19. Rad1 c6 20. Bxd5 exd5 21. Bd4 Qe6 22. h3 Rfe8 23. Qd2 Qg6 24. Kh2 h5 25.
Qf4 Bc2 26. Rc1 Bxb3 27. Rc3 Bc4 28. Rg3 Qh7 29. e6 g6 30. Re1 Rxe6 31. Rxe6 fxe6 32. Qf6 Bd3 33. Rxd3 Rf8 34. Qe5 Qe7 35. Rg3 Kh7 36.
f4 Qf7 37. Kg1 b5 38. cxb6 axb6 39. Bxb6 Qxf4 40. Qxf4 Rxf4 41. Re3 Ra4 42. Rxe6 g5 43. Rxc6 Rxa3 44. Rd6 Ra6 45. Bc5 Rxd6 46. Bxd6 Kg6 47. Kf2 Kf5 48. Bb4 Ke4 49. Bd2 g4 50. hxg4 hxg4 51.
Kg3 Kf5 52. Bc1 Ke4 53. Kxg4 d4 54. Bd2 Kd3 55. Bh6 Ke4 56. Kh5 d3 57. g4 Ke5 58.
Bd2 Kf6 59. g5+ Kg7 60. Bc3+ Kg8 61. Kg6 Kf8 62. Kh7 Kf7 63. Bd2 Ke6 64. g6 Kf5 65. g7 Ke4 66. g8=Q Kf3 67. Qd5+ Ke2 68. Ba5 1-0

[Event "*** SCC Grand Prix: Titled Tuesday Blitz"]
[Site "Chess.com"]
[Date "2020.09.08"]
[Round "7"]
[White "Beltraxtor"]
[Black "sergiochess83"]
[Result "0-1"]
[WhiteElo "2593"]
[BlackElo "2838"]
[TimeControl "180+1"]
[EndTime "11:19:28 PDT"]
[Termination "sergiochess83 won by resignation"]

1. e4 c6 2. d4 d5 3. Nd2 dxe4 4. Nxe4 Bf5 5. Ng3 Bg6 6. Nh3 e6 7. Nf4 Qh4 8. Be3 Bd6 9. Nge2 Bf5 10. Qd2 Nd7 11.
O-O-O Nb6 12. Ng3 Ne7 13. Nxe6 Bxe6 14. Bg5 Bxg3 15. Bxh4 Bxh4 16. Bd3 O-O 17. c3 Rad8 18. Kb1 Bf6 19. h3 c5 20. dxc5 Na4 21. Qc2 Nxc5 22. Bxh7+ Kh8 23. Rxd8 Rxd8 24. Rd1 Rc8 25. Bd3 Nxd3 26.
Rxd3 Bf5 27. Ka1 Nc6 28. Qd2 Bxd3 29. Qxd3 Rd8 30. Qe2 g6 31. f4 b5 32. a3 a6 33. Kb1 Na5 34. Kc2 Nc4 35. Qe4 Rd2+ 36. Kc1 Rxb2 37. Qa8+ Kg7 38. Qxa6 Bxc3 39. Qc6 Bd2+ 40.
Kd1 Bxf4 41. Ke1 Bg3+ 42. Kd1 Be5 43. Qd5 Ne3+ 44. Kc1 Nxd5 45. Kd1 Rxg2 46. Kc1 Bf4+ 47. Kd1 Ra2 48. h4 Rxa3 49. Ke2 Rh3 50. h5 Rh4 0-1

[Event "*** SCC Grand Prix: Titled Tuesday Blitz"]
[Site "Chess.com"]
[Date "2020.09.08"]
[Round "7"]
[White "Zemerovv"]
[Black "anasta10"]
[Result "1-0"]
[WhiteElo "2332"]
[BlackElo "2442"]
[TimeControl "180+1"]
[EndTime "11:19:29 PDT"]
[Termination "Zemerovv won by resignation"]

1. Nf3 Nf6 2. c4 g6 3. Nc3 Bg7 4. e4 O-O 5. d4 d6 6. Be2 e5 7. d5 a5 8. Bg5 Na6 9. Nd2 c6 10. O-O Qc7 11. Rc1 Nc5 12. b3 h6 13. Be3 Nfd7 14.
a3 f5 15. f3 f4 16. Bf2 Nf6 17. b4 axb4 18. axb4 Ncd7 19. dxc6 bxc6 20. b5 Nc5 21. Nb3 Nxb3 22. Qxb3 Be6 23. b6 Qb7 24. Rfd1 Rfd8 25. Qb4 c5 26. Qb3 Ra6 27. Rb1 Bf8 28. Nd5 Bxd5 29.
cxd5 Raa8 30. Ra1 Rdb8 31. Rxa8 Rxa8 32. Rb1 Rb8 33. Qb5 Nd7 34. Qc6 Nxb6 35. g3 fxg3 36. hxg3 Qa7 37. f4 Nd7 38. Rxb8 Nxb8 39. Qe8 Nd7 40.
Qxg6+ Kh8 41. Bg4 Bg7 42. Qe8+ Nf8 43. fxe5 Qa1+ 44. Kg2 Qxe5 45. Qxe5 Bxe5 46. Bf5 c4 47. Kf3 c3 48. Ke2 Kg7 49. Kd3 Kf6 50. g4 Kg5 51. Be3+ Bf4 52. Bd4 Ng6 53. Bxg6 Kxg6 54. Bxc3 Kg5 55. e5 Bxe5 56. Bxe5 dxe5 57. Ke4 Kxg4 58.
d6 h5 59. d7 h4 60. d8=Q h3 1-0

[Event "*** SCC Grand Prix: Titled Tuesday Blitz"]
[Site "Chess.com"]
[Date "2020.09.08"]
[Round "7"]
[White "SilviusTiberius"]
[Black "talyamania"]
[Result "1-0"]
[WhiteElo "2474"]
[BlackElo "2337"]
[TimeControl "180+1"]
[EndTime "11:19:30 PDT"]
[Termination "SilviusTiberius won by resignation"]

1. e4 c5 2. Nf3 Nc6 3. d4 cxd4 4. Nxd4 Nf6 5. Nc3 e5 6. Ndb5 d6 7. Bg5 a6 8. Na3 b5 9. Bxf6 gxf6 10. Nd5 f5 11. Bd3 Be6 12. c3 Bxd5 13. exd5 Ne7 14. O-O Bg7 15. Qh5 e4 16. Bc2 O-O 17. Rae1 Qc8 18. f3 b4 19. cxb4 Bxb2 20. fxe4 Bxa3 21.
Rf3 Ng6 22. Rh3 Re8 23. Qxh7+ Kf8 24. Qh6+ Kg8 25. Ba4 Bxb4 26. Bxe8 Qxe8 27. Qh7+ Kf8 28. Rf1 Qxe4 29. Rg3 Bc5+ 30. Kh1 Rb8 31. Rxg6 fxg6 32. Qh8+ Kf7 33. Qxb8 Qxd5 34. Qc7+ Kf6 35. Qd8+ Kg7 36.
Qe7+ Qf7 37. Qxf7+ Kxf7 38. g3 Kf6 39. Kg2 a5 40.
Kf3 a4 41. Rc1 a3 42. Rc4 g5 43. h4 g4+ 44. Kf4 Ke6 45. h5 Kf6 46. Ra4 Bf2 47. Rxa3 Be1 48. Rd3 Bb4 49. Rd5 Ke6 50. Rxf5 Bd2+ 51. Kxg4 d5 52. Rf3 d4 53. Rd3 Be3 54. Rxe3+ 1-0

[Event "*** SCC Grand Prix: Titled Tuesday Blitz"]
[Site "Chess.com"]
[Date "2020.09.08"]
[Round "7"]
[White "Ermito2020"]
[Black "bazar-wokzal"]
[Result "1-0"]
[WhiteElo "2636"]
[BlackElo "2474"]
[TimeControl "180+1"]
[EndTime "11:19:31 PDT"]
[Termination "Ermito2020 won by resignation"]

1. e4 Nc6 2. d4 d5 3. e5 h5 4. Nf3 Bg4 5. Be2 Qd7 6. c3 O-O-O 7. Be3 f6 8. exf6 gxf6 9. Nbd2 e5 10. dxe5 fxe5 11. h3 Bf5 12. Bb5 Bg7 13. Bxa7 Nge7 14.
Bc5 Qe6 15. Qa4 Kb8 16. Nb3 b6 17. Be3 d4 18. Bg5 dxc3 19. bxc3 e4 20. Nfd4 Nxd4 21. Nxd4 Bxd4 22. cxd4 Rd6 23. Rc1 Nd5 24. Bc6 Rxc6 25. Qxc6 Qf7 26. O-O Bc8 27. h4 Bb7 28. Qc2 Qe6 29. Qd2 Qg4 30. Rfe1 Rf8 31. Rb1 Nf4 32.
Bxf4 Rxf4 33. Re3 Qxh4 34. Rh3 Qg5 35. Rg3 Qf6 36. Rg8+ Ka7 37. Qe3 Rg4 38. Rxg4 hxg4 39. Rc1 Kb8 40. Qg3 Qf5 41. Qxc7+ Ka7 42. Rc3 Qa5 43. Qc4 e3 44. fxe3 Kb8 45. Qc7+ Ka7 46. e4 Ka6 47. Qc4+ Ka7 48. d5 Ba6 49. Qc7+ Bb7 50.
d6 Qb4 51. d7 Qd4+ 52. Kf1 g3 53. Ra3+ 1-0

[Event "*** SCC Grand Prix: Titled Tuesday Blitz"]
[Site "Chess.com"]
[Date "2020.09.08"]
[Round "7"]
[White "Nara_Kh"]
[Black "queen_iryna"]
[Result "0-1"]
[WhiteElo "2381"]
[BlackElo "2292"]
[TimeControl "180+1"]
[EndTime "11:19:33 PDT"]
[Termination "queen_iryna won on time"]

1. e4 d6 2. d4 Nf6 3. Nc3 e5 4. Nf3 Nbd7 5. Bc4 Be7 6. O-O O-O 7.
a4 c6 8. Re1 h6 9. Ba2 Re8 10.
h3 Bf8 11. Nh4 exd4 12. Qxd4 d5 13. e5 Bc5 14. Qf4 Nh5 15. Qg4 Ndf6 16. Qf3 Bd4 17.
Bxh6 Bxe5 18. Bg5 Qc7 19. Nf5 Bxf5 20. Qxf5 g6 21. Qf3 Bxc3 22. Qxc3 Ne4 23. Rxe4 Rxe4 24. g4 Ng7 25. Bh6 Ne6 26. Qf6 Qd8 27. Qf3 Qh4 28. Bd2 Ng5 29. Bxg5 Qxg5 30. c3 Rae8 31. Kg2 Re2 32.
Rf1 Qe3 33. Bb1 Qxf3+ 34. Kxf3 Rxb2 35. Bd3 Rb3 36. Rc1 Ra3 37. Kf4 Rxa4+ 38. Kg5 d4 39. f4 dxc3 40. Rxc3 Ra5+ 41. f5 gxf5 42. Bxf5 Rd5 43.
h4 a5 44. h5 Rxf5+ 45. Kxf5 a4 46. g5 Ra8 47. Rc1 a3 48. Kf6 a2 49. Ra1 b5 0-1

[Event "*** SCC Grand Prix: Titled Tuesday Blitz"]
[Site "Chess.com"]
[Date "2020.09.08"]
[Round "7"]
[White "MashaFromRussia"]
[Black "politeplayer"]
[Result "1/2-1/2"]
[WhiteElo "2356"]
[BlackElo "2249"]
[TimeControl "180+1"]
[EndTime "11:19:33 PDT"]
[Termination "Game drawn by repetition"]

1. d4 d5 2. c4 e6 3. Nf3 c5 4. cxd5 exd5 5. Nc3 Nc6 6. g3 Nf6 7. Bg2 Be7 8. O-O O-O 9. Bg5 c4 10. Ne5 Be6 11. Nxc6 bxc6 12. b3 Qa5 13. Qc2 Bb4 14. Na4 Ne4 15. Bxe4 dxe4 16. Bf4 cxb3 17. axb3 Qd5 18.
Nc5 Bxc5 19. dxc5 e3 20. Bxe3 Bh3 21. f3 Bxf1 22. Kxf1 Rfe8 23. Qc3 Rab8 24. b4 Qe5 25. Qxe5 Rxe5 26. Bf4 Ree8 27. Bxb8 Rxb8 28. Rxa7 g6 29. Rc7 Rxb4 30. Rxc6 Kf8 31. Rc7 Ke8 32. h4 h5 33. Kf2 Rb3 34. Ke1 Rb2 35. Kf2 Rb3 36. c6 Rc3 37. Ke1 f5 38. Kd2 Rc5 39. Ke3 Kd8 40. Rd7+ Ke8 41. Ra7 Rxc6 42. Kf4 Re6 43. Kg5 Rxe2 44. Kxg6 Rg2 45. Kxf5 Rxg3 46. f4 Rg4 47.
Ke6 Kf8 48. f5 Rxh4 49. Kf6 Kg8 50. Kg6 Rg4+ 51. Kxh5 Rg1 52. Kh6 Kf8 53. Kh5 Rg2 54.
Kh6 Rg1 55. Rb7 Rg2 56. Ra7 Rg1 1/2-1/2

[Event "*** SCC Grand Prix: Titled Tuesday Blitz"]
[Site "Chess.com"]
[Date "2020.09.08"]
[Round "7"]
[White "Susal_De_Silva"]
[Black "Off-War"]
[Result "1-0"]
[WhiteElo "2523"]
[BlackElo "2667"]
[TimeControl "180+1"]
[EndTime "11:19:34 PDT"]
[Termination "Susal_De_Silva won by checkmate"]

1. e4 c5 2. Nf3 d6 3. Bb5+ Nd7 4.
O-O a6 5. Bd3 Ngf6 6. Re1 b5 7. c4 Bb7 8. Nc3 b4 9. Nd5 e6 10. Nxf6+ gxf6 11. a3 bxa3 12. bxa3 Rg8 13. Bb2 Ne5 14. Nxe5 fxe5 15. Qh5 h6 16. Re3 Qg5 17.
Qh3 Qe7 18. Bc3 Bc6 19. Rb1 Qc7 20. Be2 Rb8 21. Rf1 Be7 22. Bh5 Bg5 23. Rg3 Ke7 24. d3 Rbf8 25. Bg4 Bf4 26. Rf3 f5 27. Bh5 fxe4 28. dxe4 Bxe4 29. Qh4+ Kd7 30. Rg3 Qd8 31. Qh3 Bxg3 32. hxg3 Qf6 33. f3 Bc6 34. Rd1 Kc7 35.
Bg4 Re8 36. Ba5+ Kb7 37. Rb1+ Ka7 38. Bb6+ Ka8 39. Qh5 Rb8 40. a4 Rb7 41. a5 Rgb8 42. Rd1 e4 43. Rxd6 e3 44. Qh1 Rd7 45. Kh2 Rxd6 46.
Qb1 Rd2 47. Qe4 Qb2 48. Qxc6+ Rb7 49. Qc8+ Rb8 50. Qxa6# 1-0

[Event "*** SCC Grand Prix: Titled Tuesday Blitz"]
[Site "Chess.com"]
[Date "2020.09.08"]
[Round "7"]
[White "emiliocordova"]
[Black "SergeyKarjakin"]
[Result "1-0"]
[WhiteElo "2812"]
[BlackElo "2955"]
[TimeControl "180+1"]
[EndTime "11:19:35 PDT"]
[Termination "emiliocordova won on time"]

1. d4 Nf6 2. Nf3 d5 3. g3 c6 4. c4 Bf5 5. Nbd2 e6 6. Bg2 h6 7. O-O Nbd7 8. b3 Be7 9. Bb2 O-O 10. Re1 a5 11. a3 Ne4 12. e3 Ndf6 13. Ne5 Nxd2 14. Qxd2 Bd6 15. c5 Bc7 16. b4 Qe7 17.
Qe2 Bh7 18. Rec1 axb4 19. axb4 Ne4 20. Nd3 Rfc8 21. f3 Nf6 22. e4 dxe4 23. fxe4 Qd8 24. Nf2 Rxa1 25. Rxa1 Ra8 26. Qe1 Bg6 27. Qc1 h5 28.
Bf3 Qe8 29. Bc3 Rb8 30. Qg5 b6 31. Ra7 Bd8 32. Qf4 Rc8 33. Qd6 bxc5 34. dxc5 Nh7 35. h4 Bf6 36. e5 Bd8 37. Ne4 Nf8 38. Qd4 Bxe4 39. Bxe4 Be7 40. Qd3 Rd8 41. Qf3 Rc8 42. Qxh5 g6 43. Qf3 Qd8 44. Bxc6 Rc7 45. Rxc7 Qxc7 46.
Be8 Bd8 47. Bd4 Qa7 48. Kg2 Qe7 49. Qc6 Qa7 50. Kh3 g5 51. Qf3 gxh4 52. Qg4+ Ng6 53. c6 1-0

[Event "*** SCC Grand Prix: Titled Tuesday Blitz"]
[Site "Chess.com"]
[Date "2020.09.08"]
[Round "7"]
[White "Zavgorodniy_Serg"]
[Black "BUITRONGHAO"]
[Result "1-0"]
[WhiteElo "2798"]
[BlackElo "2567"]
[TimeControl "180+1"]
[EndTime "11:19:37 PDT"]
[Termination "Zavgorodniy_Serg won by checkmate"]

1. e4 c6 2. d4 d5 3. exd5 cxd5 4. c4 Nc6 5. Nc3 Nf6 6. Nf3 g6 7. cxd5 Nxd5 8. Bc4 Nb6 9. Bb3 Bg7 10. d5 Ne5 11. Nxe5 Bxe5 12. Bh6 Qc7 13. Rc1 Bf4 14. d6 Qxd6 15.
Qxd6 Bxd6 16. Nb5 Be6 17. Bxe6 fxe6 18. Nxd6+ exd6 19. Rc7 Nd7 20. Rxb7 Kd8 21. O-O Kc8 22. Rb3 Nb6 23. Rd1 Kd7 24. Rf3 Rhe8 25. Ra3 a5 26.
g4 Nc4 27. Rh3 Nxb2 28. Rb1 Rab8 29. Bg7 Nc4 30. Rxb8 Rxb8 31. Rxh7 Kc6 32. Kg2 e5 33. Rh6 Rb2 34. Rxg6 Rxa2 35. h4 Nd2 36. Bxe5 Ne4 37. Bd4 Kd5 38. Be3 Rb2 39. Rg7 Nf6 40. g5 Ng4 41. Kf3 Ne5+ 42. Kg3 Rb1 43. Ra7 Nc4 44.
Kg2 Rb2 45. Kh3 Rb3 46. Kg4 Ne5+ 47. Kf5 Nc6 48. Ra8 Rb8 49. Rxb8 Nxb8 50. g6 a4 51. g7 Nc6 52. g8=Q# 1-0

[Event "*** SCC Grand Prix: Titled Tuesday Blitz"]
[Site "Chess.com"]
[Date "2020.09.08"]
[Round "7"]
[White "MVM2008"]
[Black "Barmen_EV"]
[Result "0-1"]
[WhiteElo "2266"]
[BlackElo "2440"]
[TimeControl "180+1"]
[EndTime "11:19:41 PDT"]
[Termination "Barmen_EV won by checkmate"]

1. d4 d5 2. c4 e6 3. Nc3 Bb4 4.
Nf3 Nf6 5. Bg5 h6 6. Bxf6 Qxf6 7. cxd5 exd5 8. e3 O-O 9. Bd3 c6 10. O-O Bd6 11. e4 dxe4 12. Nxe4 Qd8 13. Re1 Bg4 14.
Qb3 Bxf3 15. gxf3 b6 16. Kh1 Bf4 17. Rg1 Nd7 18. Rg4 g5 19. Rag1 Kh8 20. Qc3 f5 21. Qxc6 Nf6 22. Rxf4 gxf4 23. Nd6 Qd7 24. Qxd7 Nxd7 25.
Nxf5 Rf6 26. Ne7 Raf8 27. Ng6+ Rxg6 28. Rxg6 Nf6 29. Rxh6+ Kg7 30. Rg6+ Kf7 31. Rg1 Rd8 32. Bc4+ Ke7 33. Re1+ Kd7 34. b3 Rb8 35. Re6 Rf8 36.
Re5 Rd8 37. Rf5 Ke7 38. Rxf4 a6 39. Rh4 b5 40. Bd3 Rc8 41. Rf4 Rc1+ 42. Kg2 Rd1 43. Be2 Rd2 44. Kf1 Rxa2 45. Bd3 b4 46. Be4 a5 47. d5 Nd7 48. Bd3 Nc5 49. Bc4 Rc2 50.
Rh4 Kd6 51. Rh6+ Ke5 52. d6 a4 53. Bb5 axb3 54. d7 Nxd7 55. Bxd7 b2 56. Re6+ Kd5 57. Re1 Rc1 58. Bf5 b3 59. Ke2 Rc2+ 60. Bxc2 bxc2 61.
Kd2 b1=Q 62. Re2 c1=Q# 0-1

[Event "*** SCC Grand Prix: Titled Tuesday Blitz"]
[Site "Chess.com"]
[Date "2020.09.08"]
[Round "7"]
[White "dosto07"]
[Black "earling8018"]
[Result "0-1"]
[WhiteElo "2301"]
[BlackElo "2058"]
[TimeControl "180+1"]
[EndTime "11:19:41 PDT"]
[Termination "earling8018 won on time"]

1. d4 d6 2. e4 g6 3. Nf3 Bg7 4. Nc3 Bg4 5. Be2 Nc6 6. Be3 e5 7. d5 Nce7 8. h4 Bxf3 9. Bxf3 Bh6 10. Qd2 Bxe3 11. Qxe3 f5 12. h5 f4 13. Qd2 Nf6 14.
hxg6 Nxg6 15. O-O-O Qd7 16. g3 O-O-O 17. Ne2 Ng4 18. Rdf1 Rdf8 19. gxf4 Nxf4 20. Ng3 h5 21. Nf5 Rfg8 22. Qa5 Kb8 23. Ne3 a6 24. Nxg4 hxg4 25. Bd1 Qg7 26. Qc3 Rxh1 27. Rxh1 Rh8 28. Qe1 Rh3 29. a3 Qh6 30. Rg1 Ne2+ 31. Kb1 Nxg1 32. Qxg1 Qh4 33. Ka2 Rh1 34. Qxg4 Qxg4 35. Bxg4 Rf1 36.
f3 b5 37. Kb3 Kb7 38. a4 Kb6 39. axb5 axb5 40. Kc3 c6 41. dxc6 Kxc6 42. Bh5 Kc5 43. b4+ Kc6 44. Bg4 d5 45. exd5+ Kxd5 46. Bh5 Re1 47.
Bf7+ Kd6 48. Be8 Re3+ 49. Kb2 Rxf3 50. Bxb5 e4 51. c4 Ke5 52. Kc2 Kd4 53. c5 Rf2+ 54. Kd1 Rb2 55. Be2 Rxb4 56. Ke1 Rb3 0-1

[Event "*** SCC Grand Prix: Titled Tuesday Blitz"]
[Site "Chess.com"]
[Date "2020.09.08"]
[Round "7"]
[White "Bayernbk"]
[Black "zajka-molotok"]
[Result "0-1"]
[WhiteElo "2511"]
[BlackElo "2391"]
[TimeControl "180+1"]
[EndTime "11:19:44 PDT"]
[Termination "zajka-molotok won on time"]

1. e4 d6 2. d4 Nf6 3. Bd3 e5 4. Nf3 Nc6 5. dxe5 Nxe5 6. Nxe5 dxe5 7. O-O Bc5 8. Qe2 O-O 9. Be3 Qe7 10. Nd2 Be6 11. f3 Nh5 12. Nb3 Nf4 13. Bxc5 Nxe2+ 14. Bxe2 Qg5 15. Bxf8 Kxf8 16. Kf2 Rd8 17. Rad1 Qh4+ 18. Kg1 Rxd1 19. Rxd1 b6 20. g3 Qg5 21. Kf2 Qh6 22. h4 Qf6 23. Nd2 Qe7 24. Nf1 Qc5+ 25. Ne3 a5 26. b3 a4 27. bxa4 Bxa2 28. Rd3 Bb1 29. Rd5 Qe7 30. Nf5 Qf6 31. g4 h6 32. h5 Bxc2 33.
Rd7 Bxa4 34. Rxc7 Qd8 35. Rb7 Bc6 36. Ra7 b5 37. Kg3 Qb8 38. Re7 Be8 39. Bd1 g6 40.
hxg6 fxg6 41. Rh7 gxf5 42. gxf5 Qd6 43. Bb3 Qf6 44. Rb7 Qg5+ 45. Kf2 h5 46. Be6 h4 47. Rh7 Qd2+ 48. Kg1 Qe1+ 49. Kg2 Qg3+ 50. Kf1 Qxf3+ 51. Kg1 Qg3+ 52. Kf1 h3 53. f6 Qf3+ 54. Ke1 Qxf6 55. Bf5 Qg5 56. Rh8+ Ke7 57. Rh7+ Kd6 0-1